 Dungeon Crawl Stone Soup version 0.25.1-2-g60ff931df9 (webtiles) character file.

Game seed: 2732508414767899471

90 Acheron the Magician (level 4, -1/25 HPs)
             Began as a Gargoyle Wizard on Sept 12, 2020.
             Slain by a scorpion (4 damage)
             ... on level 4 of the Dungeon.
             The game lasted 00:13:19 (1908 turns).

Acheron the Magician (Gargoyle Wizard)              Turns: 1908, Time: 00:13:19

Health: -1/25      AC:  6    Str: 11    XL:     4   Next: 56%
Magic:  4/9        EV: 12    Int: 18    God:
Gold:   126        SH:  0    Dex:  9    Spells: 2/9 levels left

rFire    . . .     SeeInvis .   m - +0 spear
rCold    . . .     Gourm    .   (no shield)
rNeg     + . .     Faith    .   a - +0 robe
rPois    ∞         Spirit   .   b - +1 hat
rElec    +         Reflect  .   (no cloak)
rCorr    .         Harm     .   (no gloves)
MR       .....                  (no boots)
Stlth    ++........             (no amulet)
HPRegen  0.08/turn              (no ring)
MPRegen  0.11/turn              (no ring)

@: no status effects
A: negative energy resistance 1, electricity resistance, unbreathing,
petrification resistance, rot immunity, AC +3
a: no special abilities


You were on level 4 of the Dungeon.
You were not hungry.

You visited 1 branch of the dungeon, and saw 5 of its levels.

You collected 126 gold pieces.

Inventory:

Hand Weapons
 g - a +0 dagger
 m - a +0 spear (weapon)
Missiles
 j - 105 stones
 k - 12 sling bullets
 q - 4 boomerangs (quivered)
Armour
 a - a +0 robe (worn)
 b - a +1 hat (worn)
 n - a +0 leather armour
 s - the +6 scale mail "Pexkubro" {Int+2, unknown}
   (You found it on level 4 of the Dungeon)

   It affects your intelligence (+2).
Jewellery
 e - an uncursed ring of protection from magic {unknown}
 p - an uncursed ring of poison resistance {unknown}
Wands
 c - a wand of digging (2)
Scrolls
 h - a scroll of remove curse
Potions
 f - 2 potions of heal wounds {unknown}
 i - a potion of lignification {unknown}
 o - a potion of invisibility {unknown}
 r - a potion of curing {unknown}
Comestibles
 d - 2 rations
 l - 2 chunks of flesh


   Skills:
 * Level 1.4 Fighting
 * Level 0.2 Polearms
 * Level 0.2 Throwing
 * Level 2.3 Dodging
 * Level 2.5 Stealth
 + Level 3.4 Spellcasting
 * Level 1.8 Conjurations
 * Level 0.2 Hexes
 * Level 1.1 Summonings
 * Level 1.1 Translocations


You had 2 spell levels left.
You knew the following spells:

 Your Spells              Type           Power        Failure   Level  Hunger
a - Magic Dart            Conj           #...         8%          1    None
b - Blink                 Tloc           N/A          14%         2    ##.....
c - Call Imp              Summ           #.......     14%         2    ##.....
d - Slow                  Hex            #.......     22%         2    ##.....

Your spell library contained the following spells:

 Spells                   Type           Power        Failure   Level  Hunger
 Conjure Flame            Conj/Fire      #.......     32%         3    ###....
 Mephitic Cloud           Conj/Pois/Air  #.......     36%         3    ###....


Dungeon Overview and Level Annotations

Branches:
Dungeon (5/15)
 Temple: D:4-7

Altars:

Annotations:
D:4 exclusion: downstairs


Innate Abilities, Weirdness & Mutations

You are resistant to torment.
Your stone body is resilient. (AC +3)
You are immune to poison.
You resist negative energy. (rN+)
You are resistant to electric shocks. (rElec)
You can survive without breathing.
You are immune to petrification.
You are immune to rotting.


Message History

The scorpion is heavily wounded.
Your shadow imp hits the scorpion.
The scorpion stings you.
* * * LOW HITPOINT WARNING * * *
Your shadow imp hits the scorpion but does no damage.
Your shadow imp hits the scorpion.
Your shadow imp barely misses the scorpion.
What are your orders? t - Shout!
Orders for allies: a - Attack new target. r - Retreat! s - Stop attacking. g - Guard the area. f - Follow me.
Anything else - Cancel.
Gang up on whom?
Press: ? - help, Dir - move target cursor, f - scorpion
Aim: a scorpion (severely wounded) Attack!
You hear the rusting of a very distant drain.
Your shadow imp hits the scorpion but does no damage.
The scorpion stings you.
You die...

..... a....
..#.#.#.#.#.##
............#
##.#.#.#>#.##
#...........#
##.#.#.#.#.##
#...........#
###.#.#.#.#.##
#.......5s@..#
#.#.#.#.#5#.##
#######.###########
........# ######.##
#.# #.# # #.#
######.#


You could see a scorpion and 2 friendly shadow imps.

Vanquished Creatures
  A bullfrog skeleton (D:4)
  An ooze (D:3)
  A dart slug (D:1)
  2 leopard geckos
  A ball python (D:1)
  A bat (D:1)
  A giant cockroach (D:1)
  3 goblins (D:1)
  2 hobgoblins
  A frilled lizard (D:1)
  3 kobolds (D:1)
  5 rats (D:1)
22 creatures vanquished.

Vanquished Creatures (collateral kills)
  Ijyb (D:3)
  A worker ant (D:4)
  A gnoll (D:1)
3 creatures vanquished.

Grand Total: 25 creatures vanquished

Notes
Turn   | Place    | Note
-------+----------+-------------------------------------------
     0 | D:1      | Acheron the Gargoyle Wizard began the quest for the Orb.
     0 | D:1      | Reached XP level 1. HP: 10/10 MP: 4/4
   305 | D:1      | Reached XP level 2. HP: 16/16 MP: 4/6
   637 | D:1      | Learned a level 2 spell: Blink
   640 | D:1      | Learned a level 2 spell: Call Imp
   643 | D:1      | Learned a level 2 spell: Slow
   891 | D:1      | Reached skill level 1 in Translocations
  1009 | D:1      | Reached skill level 1 in Fighting
  1076 | D:1      | Reached skill level 1 in Summonings
  1076 | D:1      | Reached XP level 3. HP: 20/20 MP: 4/7
  1395 | D:3      | Noticed Ijyb
  1429 | D:3      | Killed Ijyb
  1723 | D:5      | Entered Level 5 of the Dungeon
  1723 | D:5      | Noticed a sky beast
  1808 | D:4      | Got a crude scale mail
  1842 | D:4      | Reached XP level 4. HP: 25/25 MP: 6/9
  1908 | D:4      | Slain by a scorpion

Illustrated notes

Levels and vault maps discovered:
D:1:      minmay_arrival_doors, layout_loops_corners, serial_bayou_crossing
D:2:      layout_basic, old_standard_altar, chequers_big_river,
          minmay_pentomino_z2
D:3:      layout_basic, roderic_roman_lattice, uniq_terence,
          uniq_crazy_yiuf_cottage, uniq_natasha, uniq_jessica, uniq_ijyb,
          uniq_grinder
D:4:      layout_basic, first_ration, cheibrodos_sewer_entry_sluice,
          st_stairs_10
D:5:      layout_cave_pods, enter_ossuary_3, uniq_blork_the_orc

Skill      XL: |  1  2  3  4 |
---------------+-------------+-----
Translocations | 1 |  1.1
Fighting       | 1 |  1.4
Summonings     | 1 |  1.1
Dodging        | 2 |  2.3
Polearms       | |  0.2
Throwing       | |  0.2
Stealth        | |  2.5
Spellcasting   | |  3.4
Conjurations   | |  1.8
Hexes          | |  0.2

Action                   |  1- 3 |  4- 6 || total
-------------------------+-------+-------++-------
Melee: Dagger            |    21 |       ||    21
       Spear             |    30 |    17 ||    47
 Cast: Magic Dart        |    30 |     1 ||    31
       Call Imp          |     5 |     4 ||     9
  Use: Scroll            |     3 |       ||     3
 Stab: Sleeping          |     1 |       ||     1
  Eat: Ration            |     1 |       ||     1
       Chunk             |     1 |       ||     1
Armor: Robe              |     8 |    10 ||    18
Dodge: Dodged            |    18 |     8 ||    26
